 Dungeon Crawl Stone Soup version 0.24.0-123-gd5b16e6ec5 (webtiles) character file.

Game seed: 7725357277176937602, levelgen mode: deterministic

1676 1994 the Fighter (level 9, -21/98 HPs)
             Began as an Ogre Berserker on Dec 31, 2019.
             Was an Elder of Trog.
             Engulfed by a cloud of flame (25 damage)
             ... on level 1 of the Dungeon.
             The game lasted 00:17:01 (8700 turns).

1994 the Fighter (Ogre Berserker)                   Turns: 8700, Time: 00:17:02

Health: -21/98     AC:  6    Str: 26    XL:     9   Next: 1%
Magic:  9/9        EV: 10    Int:  8    God:    Trog [****..]
Gold:   204        SH:  0    Dex:  8    Spells: 8/8 levels left

rFire    . . .     SeeInvis .   b - +2 trident (venom)
rCold    . . .     Gourm    .   (no shield)
rNeg     . . .     Faith    .   v - +0 animal skin
rPois    .         Spirit   .   B - +2 hat
rElec    .         Reflect  .   w - +0 cloak
rCorr    .         Harm     .   (gloves unavailable)
MR       .....                  (boots unavailable)
Stlth    +.........             (no amulet)
HPRegen  0.26/turn              (no ring)
MPRegen  0.11/turn              (no ring)

@: no status effects
A: large, unfitting armour, tough skin 1
a: Berserk, Trog's Hand, Brothers in Arms, Renounce Religion


You were on level 1 of the Dungeon.
You worshipped Trog.
Trog was greatly pleased with you.
You were hungry.

You visited 1 branch of the dungeon, and saw 7 of its levels.

You collected 279 gold pieces.
You spent 75 gold pieces at shops.

Inventory:

Hand Weapons
 a - a +0 flail
 b - a +2 trident of venom (weapon)
 x - a +0 vampiric hand axe
 A - a +0 giant club
 C - a +0 giant spiked club
Missiles
 l - 76 stones
 s - 18 poisoned darts (quivered)
 y - 23 sling bullets
Armour
 v - a +0 animal skin (worn)
 w - a +0 cloak (worn)
 B - a +2 hat (worn)
Wands
 q - a wand of acid (11)
Scrolls
 e - 2 scrolls of immolation {unknown}
 f - 4 scrolls of remove curse
 g - a scroll of magic mapping
 i - 2 scrolls of fear
 k - a scroll of enchant weapon
 m - a scroll of noise {unknown}
 o - 4 scrolls of teleportation
 p - 4 scrolls of fog
 t - 3 scrolls of random uselessness {unknown}
 u - a scroll of blinking {unknown}
Potions
 d - 5 potions of heal wounds
 h - a potion of agility
 j - a potion of might {unknown}
 n - 2 potions of mutation
 r - 2 potions of curing {unknown}
 z - a potion of lignification {unknown}
 D - a potion of brilliance {unknown}
 F - a potion of flight {unknown}
Comestibles
 c - 7 rations


   Skills:
 + Level 9.3 Fighting
 * Level 8.8 Maces & Flails
 - Level 2.6 Dodging


You had 8 spell levels left.
You didn't know any spells.
Your spell library was empty.

Dungeon Overview and Level Annotations

Branches:
Dungeon (7/15)             Temple (0/1) D:4

Altars:
Wu Jian

Shops:
D:5 *

Annotations:
D:1 loot


Innate Abilities, Weirdness & Mutations

You are too large for most types of armour.
You have tough skin. (AC +1)


Message History

t - 2 scrolls labeled AFIFOE MUOSKOC (gained 1) Really walk into a travel-excluded area?
You start resting.
All of the chunks of flesh in your inventory have rotted away.
You are feeling hungry.
You are engulfed in blazing flames.
You are engulfed in blazing flames.
You are engulfed in blazing flames.
You see here a scroll labeled AFIFOE MUOSKOC.
t - 3 scrolls labeled AFIFOE MUOSKOC (gained 1)
You are engulfed in blazing flames.
* * * LOW HITPOINT WARNING * * *
Unknown command.
Unknown command.
You are engulfed in blazing flames.
* * * LOW HITPOINT WARNING * * *
Unknown command.
Unknown command.
You are engulfed in blazing flames.
You die...

#.####.#..##... #.#
#.##.##.## ##.## #.......#
#...# ####.##### #.☼§#
#.....## #☼§§# ##.##.##
#○§○# ##.##.##
######...#####..##.##
#.§§@..(..☼§☼..###.##
#.§☼○.....§☼§..###.##
#.§§☼.....§○°......##
######...#####.#####. #§○§#
#.### #. ###### #☼☼°# #...#
#. #....# #°§§# #...###.
#.###### #...#####.#.##.(
####.####.###..##..........#


There were no monsters in sight!

Vanquished Creatures
  A sky beast (D:6)
  4 ogres
  An orc warrior (D:5)
  2 phantoms (D:5)
  A bullfrog (D:6)
  2 scorpions (D:4)
  A wyvern zombie (D:6)
  A crimson imp (D:6)
  A jelly (D:6)
  3 orc priests
  A hound (D:5)
  A centaur skeleton (D:4)
  2 iguanas (D:6)
  5 orc wizards
  5 worker ants
  A hound skeleton (D:5)
  3 gnolls (D:5)
  9 adders
  5 oozes
  A worm (D:5)
  A dart slug (D:3)
  6 leopard geckos
  21 orcs
  3 bats
  A bat skeleton (D:2)
  A bat zombie (D:2)
  2 giant cockroaches
  4 hobgoblins
  5 jackals
  4 kobolds
  3 quokkas
  2 ball pythons
  3 frilled lizards (D:1)
  4 goblins
  A leopard gecko skeleton (D:2)
  A quokka skeleton (D:5)
  10 rats
122 creatures vanquished.

Vanquished Creatures (others)
  3 plants (D:7)
3 creatures vanquished.

Grand Total: 125 creatures vanquished

Notes
Turn   | Place    | Note
-------+----------+-------------------------------------------
     0 | D:1      | 1994 the Ogre Berserker began the quest for the Orb.
     0 | D:1      | Reached XP level 1. HP: 24/24 MP: 1/1
   206 | D:1      | Reached XP level 2. HP: 26/32 MP: 2/2
   400 | D:1      | Reached XP level 3. HP: 38/40 MP: 3/3
  1191 | D:2      | Reached ** piety under Trog
  1477 | D:2      | Reached XP level 4. HP: 46/49 MP: 4/4
  1590 | D:2      | Reached skill level 5 in Fighting
  2848 | D:2      | Reached XP level 5. HP: 33/57 MP: 5/5
  3584 | D:4      | Reached skill level 6 in Fighting
  3584 | D:4      | Reached skill level 5 in Maces & Flails
  3584 | D:4      | Reached XP level 6. HP: 67/67 MP: 6/6
  4029 | D:4      | Found a staircase to the Ecumenical Temple.
  4844 | D:5      | Entered Level 5 of the Dungeon
  5011 | D:5      | Reached XP level 7. HP: 76/76 MP: 7/7
  5047 | D:5      | Reached *** piety under Trog
  5379 | D:5      | Found Noanedghatte's General Store.
  5387 | D:5      | Bought a potion of agility for 40 gold pieces
  5387 | D:5      | Bought a scroll of fear for 35 gold pieces
  5564 | D:4      | Reached skill level 7 in Fighting
  6026 | D:5      | Found an ornate altar of the Wu Jian Council.
  6548 | D:6      | Reached XP level 8. HP: 88/88 MP: 8/8
  7087 | D:5      | Reached skill level 8 in Fighting
  7839 | D:6      | Reached skill level 9 in Fighting
  8046 | D:6      | Reached **** piety under Trog
  8344 | D:7      | Reached XP level 9. HP: 81/98 MP: 9/9
  8699 | D:1      | HP: 4/98 [something (24)]
  8700 | D:1      | Engulfed by a cloud of flame

Levels and vault maps discovered:
D:1:      saegor_arrival_simple_b, layout_loops_cross, moated_statue,
          lemuel_flame_loot_1
D:2:      layout_basic, serial_undead, serial_undead_f, serial_undead_c,
          serial_undead_d, serial_undead_a
D:3:      layout_basic, hangedman_decor_slide_cut
D:4:      layout_layer_cave, temple_doors_e, first_ration
D:5:      layout_basic, old_standard_altar, serial_shops, kennysheep_little_box,
          kennysheep_generic_room_14
D:6:      layout_basic
D:7:      layout_loops_corners, grunt_ogre_cave, minmay_shattered_shrine

Skill      XL: |  1  2  3  4  5  6  7  8 |
---------------+-------------------------+-----
Maces & Flails | 3 4 5 7 8 |  8.8
Fighting       | 5 6 7 9 |  9.3
Dodging        | |  2.6

Action                   |  1- 3 |  4- 6 |  7- 9 || total
-------------------------+-------+-------+-------++-------
Melee: Mace              |    66 |   112 |    28 ||   206
       Trident           |       |    19 |    74 ||    93
       Flail             |       |       |    55 ||    55
Throw: Dart              |       |     8 |     2 ||    10
       Stone             |       |       |    10 ||    10
Invok: Berserk           |       |     4 |     4 ||     8
  Use: Scroll            |       |     4 |     3 ||     7
  Eat: Chunk             |     2 |    11 |     8 ||    21
       Ration            |       |     1 |     2 ||     3
Armor: Animal skin       |    15 |    45 |    28 ||    88
Dodge: Dodged            |    27 |    83 |    82 ||   192
